 Dungeon Crawl Stone Soup version 0.20-a0-1122-gb7cbeb9 (webtiles) character file.

88 Spazmo the Magician (level 4, -3/25 HPs)
             Began as a Deep Elf Wizard on May 12, 2017.
             Slain by Grinder (10 damage)
             ... on level 2 of the Dungeon.
             The game lasted 00:08:04 (2201 turns).

Spazmo the Magician (Deep Elf Wizard)               Turns: 2201, Time: 00:08:05

Health: -3/25      AC:  3    Str:  4    XL:     4   Next: 30%
Magic:  1/13       EV: 13    Int: 24    God:
Gold:   103        SH:  0    Dex: 13    Spells: 7/13 levels left

rFire    . . .     SeeInvis .   e - +0 short sword (protect)
rCold    . . .     Gourm    .   (no shield)
rNeg     . . .     Faith    .   a - +0 robe
rPois    .         Spirit   .   b - +1 hat
rElec    .         Reflect  .   (no cloak)
rCorr    .         Harm     .   (no gloves)
MR       .....                  (no boots)
Stlth    ++........             (no amulet)
Regen    0.1/turn               (no ring)
MPRegen  0.2/turn               (no ring)

@: very slightly contaminated
A: no striking features
a: no special abilities


You were on level 2 of the Dungeon.
You were hungry.

You visited 1 branch of the dungeon, and saw 3 of its levels.

You collected 103 gold pieces.

Inventory:

Hand Weapons
 e - a +0 short sword of protection (weapon)
Armour
 a - a +0 robe (worn)
 b - a +1 hat (worn)
Wands
 h - a wand of random effects (24/48)
Scrolls
 f - 6 scrolls of identify
Books
 c - a book of Minor Magic

   Spells                             Type                      Level
   a - Magic Dart                     Conjuration                  1
   b - Blink                          Translocation                2
   c - Call Imp                       Summoning                    2
   d - Slow                           Hexes                        2
   e - Conjure Flame                  Conjuration/Fire             3
   f - Mephitic Cloud                 Conjuration/Poison/Air       3
Comestibles
 d - 2 bread rations
 g - a meat ration


   Skills:
 + Level 1.4 Fighting
 + Level 3.5 Dodging
 - Level 2.4 Stealth
 + Level 5.2 Spellcasting
 + Level 2.1 Conjurations
   Level 1.1 Summonings
 - Level 1.1 Translocations


You had 7 spell levels left.
You knew the following spells:

 Your Spells              Type           Power        Failure   Level  Hunger
a - Magic Dart            Conj           ###.         3%          1    None
b - Blink                 Tloc           N/A          9%          2    None
c - Mephitic Cloud        Conj/Pois/Air  #.......     19%         3    ##.....


Dungeon Overview and Level Annotations

Branches:
Dungeon (3/15)

Altars:
Cheibriados
Trog
Uskayaw
Vehumet
Yredelemnul

Annotations:
D:2 Grinder


Message History

* * * LOW HITPOINT WARNING * * *
You can move again.
Unknown command.
Casting: Magic Dart
Confirm with . or Enter, or press ? or * to list all spells.
Aiming: Magic Dart
Press: ? - help, Shift-Dir - straight line, f/p - Grinder
Aim: Grinder (lightly wounded)
The magic dart hits Grinder.
Grinder is lightly wounded.
Grinder barely misses you.
Casting: Magic Dart
Confirm with . or Enter, or press ? or * to list all spells.
Aiming: Magic Dart
Press: ? - help, Shift-Dir - straight line, f/p - Grinder
Aim: Grinder (lightly wounded)
The magic dart hits Grinder.
Grinder is lightly wounded.
Grinder hits you!
You die...

.#...##_..._##.#
##...##
.#.####≈#'#≈##.#
##'##
.#.##.###.####.#
#####.###
......##..# #.#
#.......#
.........## #.#
#.###.#.# ##.#######
#.# #.##....# #.#
#.# #.#.....#### #.#
#.#####.#........###
##.#
#..@5.....#.#†##....
...#
#######.#####.######
#### #.#####.#
#.......# #########


You could see Grinder.

Vanquished Creatures
  Natasha (D:2)
  An adder (D:1)
  An ooze (D:2)
  2 worms (D:2)
  A leopard gecko (D:2)
  2 ball pythons (D:1)
  3 giant cockroaches (D:1)
  6 goblins
  7 hobgoblins
  3 jackals (D:1)
  4 bats
  3 frilled lizards (D:2)
  6 kobolds (D:1)
  2 rats
42 creatures vanquished.

Notes
Turn   | Place    | Note
-------+----------+-------------------------------------------
     0 | D:1      | Spazmo the Deep Elf Wizard began the quest for the Orb.
     0 | D:1      | Reached XP level 1. HP: 10/10 MP: 7/7
   215 | D:1      | Reached XP level 2. HP: 16/16 MP: 6/9
   221 | D:1      | Learned a level 2 spell: Blink
   755 | D:1      | Reached XP level 3. HP: 20/20 MP: 6/11
   761 | D:1      | Learned a level 3 spell: Mephitic Cloud
   765 | D:1      | Reached skill level 1 in Fighting
   855 | D:1      | Reached skill level 5 in Spellcasting
  1279 | D:2      | Found a hide-covered altar of Uskayaw.
  1279 | D:2      | Found a radiant altar of Vehumet.
  1429 | D:2      | Found a snail-covered altar of Cheibriados.
  1751 | D:2      | Found a basalt altar of Yredelemnul.
  1751 | D:2      | Found a bloodstained altar of Trog.
  2084 | D:2      | Noticed Natasha
  2100 | D:2      | Killed Natasha
  2100 | D:2      | Reached XP level 4. HP: 25/25 MP: 5/13
  2185 | D:3      | Noticed Grinder
  2197 | D:2      | Paralysed by Grinder for 3 turns
  2201 | D:2      | Slain by Grinder

Vault maps used:
D:1:      zaba_arrival_water, minmay_misc_feat_doors
D:2:      cheibriados_altar_1, nicolae_overflow_hidden_temple,
          gammafunk_temple_overflow_elements, uniq_natasha
D:3:      nemelex_spade_bored_becter, uniq_robin, uniq_grinder

Skill      XL: |  1  2  3 |
---------------+----------+-----
Dodging        | 3 |  3.5
Fighting       | 1 |  1.4
Spellcasting   | 5 |  5.2
Conjurations   | 2 |  2.1
Stealth        | |  2.4
Summonings     | |  1.1
Translocations | |  1.1

Action                   |  1- 3 |  4- 6 || total
-------------------------+-------+-------++-------
Melee: Short sword       |    12 |       ||    12
 Cast: Magic Dart        |   118 |    13 ||   131
       Mephitic Cloud    |       |     1 ||     1
  Use: Scroll            |     3 |       ||     3
       Potion            |     3 |       ||     3
  Eat: Chunk             |     3 |       ||     3
Armor: Robe              |    11 |       ||    11
Dodge: Dodged            |    31 |     3 ||    34
